 Dungeon Crawl Stone Soup version 0.28.0-1-gb440e238dd (webtiles) character file.

Game seed: 9253313297248883507

26 mortz the Insei (level 3, 28/28 HPs)
             Began as a Gnoll Transmuter on Feb 26, 2022.
             Quit the game on level 2 of the Dungeon.
             The game lasted 00:09:14 (1883 turns).

mortz the Insei (Gnoll Transmuter)                  Turns: 1883, Time: 00:09:15

Health: 28/28      AC:  6    Str: 11    XL:     3   Next: 8%
Magic:  9/9        EV: 11    Int: 12    God:
Gold:   3          SH:  0    Dex: 12    Spells: 11/12 levels left

rFire   . . .      SeeInvis .   g - +0 dagger {short}
rCold   . . .      Faith    .   (no shield)
rNeg    . . .      Spirit   .   c - +0 ring mail
rPois   .          Reflect  .   (no helmet)
rElec   .          Harm     .   (no cloak)
rCorr   .          Rampage  .   h - +0 pair of gloves
Will    .....                   (no boots)
Stlth   +.........              (no amulet)
HPRegen 0.09/turn               (no ring)
MPRegen 0.11/turn               (no ring)

@: no status effects
A: fangs 1, strong nose, distributed training
a: no special abilities


You were on level 2 of the Dungeon.
You visited 1 branch of the dungeon, and saw 2 of its levels.

You collected 57 gold pieces.
You spent 54 gold pieces at shops.


Innate Abilities, Weirdness & Mutations

You have very sharp teeth.
Your uncanny sense of smell can sniff out nearby items.
Your experience applies equally to all skills.


   Skills:
 + Level 2.5 Fighting
 + Level 0.6 Short Blades
 + Level 0.6 Long Blades
 + Level 0.6 Axes
 + Level 0.6 Maces & Flails
 + Level 0.6 Polearms
 + Level 0.6 Staves
 + Level 0.6 Slings
 + Level 0.6 Bows
 + Level 0.6 Crossbows
 + Level 0.6 Throwing
 + Level 0.6 Armour
 + Level 4.5 Dodging
 + Level 0.6 Stealth
 + Level 0.6 Shields
 + Level 6.5 Unarmed Combat
 + Level 5.0 Spellcasting
 + Level 0.4 Conjurations
 + Level 0.4 Hexes
 + Level 0.4 Summonings
 + Level 0.4 Necromancy
 + Level 0.4 Translocations
 + Level 3.7 Transmutations
 + Level 0.4 Fire Magic
 + Level 0.4 Ice Magic
 + Level 0.4 Air Magic
 + Level 0.4 Earth Magic
 + Level 0.4 Poison Magic
 + Level 0.8 Invocations
 + Level 0.6 Evocations


You had 11 spell levels left.
You knew the following spells:

 Your Spells              Type           Power      Damage    Failure   Level
a - Beastly Appendage     Tmut           24%        N/A       11%         1

Your spell library contained the following spells:

 Spells                   Type           Power      Damage    Failure   Level
 Wereblood                Tmut           12%        N/A       16%         2
 Spider Form              Tmut/Pois      8%         N/A       52%         3
 Ice Form                 Ice/Tmut       8%         N/A       90%         4

Inventory:

Hand Weapons
 b - a +0 club {mace}
   (You took it off a goblin on level 1 of the Dungeon)
 f - a +0 mace {mace}
   (You found it on level 1 of the Dungeon)
 g - a +0 dagger (weapon) {short}
   (You took it off a goblin on level 1 of the Dungeon)
Missiles
 k - 29 stones {throwing}
Armour
 c - a +0 ring mail (worn)
   (You found it on level 1 of the Dungeon)
 h - a +0 pair of gloves (worn)
   (You bought it in a shop on level 1 of the Dungeon)
Scrolls
 a - a scroll of identify {unknown}
 d - a scroll of blinking {unknown}
 e - a scroll of brand weapon {unknown}
Potions
 i - a potion of curing {unknown}
 j - a potion of flight {unknown}

Dungeon Overview and Level Annotations

Branches:
Dungeon (2/15)

Altars:
Makhleb

Shops:
D:1

[ ...####...#
.# ##..g......
#.#
.......#.##...
.g...........
#...........
#####w.........
#..............
#..@..# #..##.#
..... # .......
...._.. ##.....
#..... ∆ #.##..


You could see 2 gnolls and a dart slug.


Message History

a +0 whip {mace}; a kobold corpse 😮 HP[+1]
You start resting. 😎 HP[+6]
Your hp is fully restored (23).
Things that are here:
a +0 whip {mace}; a kobold corpse You open the door.
Found a stone staircase leading down.
There is an open door here.
You open the door.
There is an open door here.
There is an open door here.
There is a stone staircase leading down here.
You open the door.
There is an open door here.
There is an open door here.
You open the door.
There is an open door here.
A rat and a quokka come into view.
The quokka twitches its whiskers.
You hit the quokka. The quokka misses you.
You hit the quokka.
The quokka bites you but does no damage.
The rat closely misses you. The quokka completely misses you.
You completely miss the quokka. You punch the quokka.
You kill the quokka!
The rat bites you but does no damage.
You have reached level 3!
Your experience leads to an increase in your attributes!
Increase (S)trength, (I)ntelligence, or (D)exterity?
You feel stronger. x2 😎 HP[+5] MP[+2]
You now have 28 max hp (+5).
Your hp is fully restored (28).
Your mp is fully restored (9).
You hit the rat.
You kill the rat!
You see here a rat corpse.
Found Erunoiwu's Armour Shop.
There is an entrance to Erunoiwu's Armour Shop here.
You can access your shopping list by pressing '$'.
There is a stone staircase leading down here.
There is an open door here.
As you open the door, it creaks loudly!
There is an open door here.
There is a stone staircase leading down here.
There is an open door here.
You open the door.
Found a faded altar of an unknown god.
There is an open door here.
There is an open door here.
There is an open door here.
You now have enough gold to buy a +0 helmet on this level, or buy a +0 pair of gloves on this level.
You can access your shopping list by pressing '$'.
You now have 57 gold pieces (gained 11).
There is an entrance to Erunoiwu's Armour Shop here.
h - a +0 pair of gloves Thank you for shopping at Erunoiwu's Armour Shop!
You can access your shopping list by pressing '$'.
You start putting on your armour.
You continue putting on your +0 pair of gloves. x4
You finish putting on your +0 pair of gloves.
A goblin comes into view. It is wielding a +0 club.
You barely miss the goblin. The goblin hits you but does no damage.
You hit the goblin. Your bite misses the goblin. The goblin closely misses you.
You hit the goblin but do no damage. The goblin hits you but does no damage.
You barely miss the goblin. The goblin hits you but does no damage.
You barely miss the goblin. Your bite misses the goblin.
The goblin hits you but does no damage.
You hit the goblin.
You kill the goblin!
Your Spellcasting skill increases to level 5!
Things that are here:
a +0 club {mace}; a goblin corpse You enter the shallow water.
Moving in this stuff is going to be slow.
Partly explored, can't reach some places.
(D) Dungeon
Where to? (Enter - D:1 @ (x,y), ? - help)
You enter the shallow water.
Moving in this stuff is going to be slow.
Things that are here:
a +0 club {mace}; a goblin corpse You open the door.
There is an open door here.
There is a stone staircase leading down here.
You climb downwards.
The gnoll shouts! x2; You hear a shout!
Found a burning altar of Makhleb.
There is a stone staircase leading up here.
There are monsters nearby!
Saving game... please wait. 🤖 Initializing magus.rc ...
Options error: Delay interrupt name "hungry" not recognised. (~/.crawlrc:4771) Options error: Bad monster_list_colour key: strict_neutral (~/.crawlrc:4786) ✅ Successfully initialized magus.rc [v1.9.6] Welcome back, mortz the Gnoll Transmuter.
Press ? for a list of commands and other information.
Okay, then.
Are you sure you want to abandon this character and quit the game? (Confirm with "yes".)

Skill      XL: |  1  2  3 |
---------------+----------+-----
Spellcasting   | 5 |  5.0
Fighting       | |  2.5
Short Blades   | |  0.6
Long Blades    | |  0.6
Axes           | |  0.6
Maces & Flails | |  0.6
Polearms       | |  0.6
Staves         | |  0.6
Slings         | |  0.6
Bows           | |  0.6
Crossbows      | |  0.6
Throwing       | |  0.6
Armour         | |  0.6
Dodging        | |  4.5
Stealth        | |  0.6
Shields        | |  0.6
Unarmed Combat | |  6.5
Conjurations   | |  0.4
Hexes          | |  0.4
Summonings     | |  0.4
Necromancy     | |  0.4
Translocations | |  0.4
Transmutations | |  3.7
Fire Magic     | |  0.4
Ice Magic      | |  0.4
Air Magic      | |  0.4
Earth Magic    | |  0.4
Poison Magic   | |  0.4
Invocations    | |  0.8
Evocations     | |  0.6

Action                   || total
-------------------------++-------
Melee: Club              ||    51
       Unarmed           ||     8
       Bite              ||     8
       Dagger            ||    27
       Mace              ||    17
       Punch             ||     3
       Headbutt          ||     1
 Cast: Beastly Appendage ||     1
Armor: Ring mail         ||    37
       Robe              ||     1
Dodge: Dodged            ||    69

Levels and vault maps discovered:
D:1:      kilobyte_arrival_exit_the_forest, layout_loops_corners,
          dilly_ecumenical_altar_fadedgnrine, serial_shops, shop
D:2:      layout_rooms, basic_altar, hangedman_decor_push,
          corexii_hall_statues_x

Notes
Turn   | Place    | Note
-------+----------+-------------------------------------------
     0 | D:1      | mortz the Gnoll Transmuter began the quest for the Orb.
     0 | D:1      | Reached XP level 1. HP: 17/17 MP: 6/6
     0 | D:1      | magus.rc [v1.9.6]
   506 | D:1      | Reached XP level 2. HP: 17/23 MP: 7/7
  1618 | D:1      | Reached XP level 3. HP: 28/28 MP: 9/9
  1620 | D:1      | Found Erunoiwu's Armour Shop.
  1723 | D:1      | Found a faded altar of an unknown god.
  1777 | D:1      | Bought a +0 pair of gloves for 54 gold pieces
  1830 | D:1      | Reached skill level 5 in Spellcasting
  1882 | D:2      | Found a burning altar of Makhleb.
  1883 | D:2      | magus.rc [v1.9.6]
  1883 | D:2      | Quit the game

Vanquished Creatures
  An endoplasm (D:1)
  2 giant cockroaches (D:1)
  6 goblins (D:1)
  2 hobgoblins (D:1)
  A quokka (D:1)
  3 ball pythons (D:1)
  2 bats (D:1)
  3 kobolds (D:1)
  3 rats (D:1)
23 creatures vanquished.

Table legend:
 A = Non-vault XP
 B = Vault XP
 C = Vault XP percentage of total XP
 D = Non-vault monster count
 E = Vault monster count
 F = Vault count percentage of total count
                 A         B        C        D         E       F
            +---------+---------+-------+---------+---------+-------
      Total |      38 |       0 |   0.0 |      23 |       0 |   0.0
            +---------+---------+-------+---------+---------+-------
        D:1 |      38 |       0 |   0.0 |      23 |       0 |   0.0
            +---------+---------+-------+---------+---------+-------

Illustrated notes

Table legend:
 A = Kills in this place as a percentage of kills in entire the game.
 B = Kills by you in this place as a percentage of kills by you in the entire game.
 C = Kills by friends in this place as a percentage of kills by friends in the entire game.
 D = Other kills in this place as a percentage of other kills in the entire game.
 E = Experience gained in this place as a percentage of experience gained in the entire game.
 F = Experience gained in this place divided by the number of levels of this place that you have seen.
                   A       B       C       D       E      F
               +-------+-------+-------+-------+-------+----------------------
         Total | 100.0 | 100.0 |   N/A |   N/A | 100.0 |  19.0
       Dungeon | 100.0 | 100.0 |   N/A |   N/A | 100.0 |  19.0
               +-------+-------+-------+-------+-------+----------------------

Table legend: (Time is in decaauts)
 A = Elapsed time spent in this place.
 B = Non-inter-level travel time spent in this place.
 C = Inter-level travel time spent in this place.
 D = Time resting spent in this place.
 E = Time spent auto-exploring this place.
 F = Levels seen in this place.
 G = Mean time per level.
                   A        B        C        D        E       F      G
               +--------+--------+--------+--------+--------+-----+--------+
         Total |   1906 |   1851 |     55 |    512 |   1046 |   2 |  953.0 |
       Dungeon |   1906 |   1851 |     55 |    512 |   1046 |   2 |  953.0 |
               +--------+--------+--------+--------+--------+-----+--------+

Top non-repeatable levels by time:
     D:1: 1906 daAuts
     D:2: 0 daAuts
